 Dungeon Crawl Stone Soup version 0.29.1-1-gd02db6906a (webtiles) character file.

Game seed: 10222882184326541904

130 sankara the Chopper (level 5, 0/47 HPs)
             Began as a Hill Orc Fighter on Oct 14, 2022.
             Slain by Edmund
             ... wielding a +2 flail of venom
              (10 damage)
             ... on level 4 of the Dungeon.
             The game lasted 00:04:16 (3341 turns).

sankara the Chopper (Hill Orc Fighter)              Turns: 3341, Time: 00:04:16

Health: 0/47       AC: 10    Str: 19    XL:     5   Next: 13%
Magic:  5/5        EV:  7    Int:  8    God:
Gold:   198        SH:  5    Dex: 12    Spells: 4/4 levels left

rFire   . . .      SeeInvis .   a - +0 war axe
rCold   . . .      Faith    .   c - +0 buckler
rNeg    + . .      Spirit   .   y - +0 chain mail
rPois   +          Reflect  .   (no helmet)
rElec   .          Harm     .   j - +0 cloak
rCorr   .          Rampage  .   (no gloves)
Will    .....                   (no boots)
Stlth   ..........              (no amulet)
HPRegen 0.15/turn               b - ring of positive energy
MPRegen 0.09/turn               m - ring of poison resistance

@: mighty
A: no striking features
a: no special abilities


You were on level 4 of the Dungeon.
You visited 1 branch of the dungeon, and saw 4 of its levels.

You collected 198 gold pieces.

Inventory:

Hand Weapons
 a - a +0 war axe (weapon)
 t - a +0 vorpal sling
Missiles
 g - 22 stones (quivered)
Armour
 c - a +0 buckler (worn)
 j - a +0 cloak (worn)
 y - a +0 chain mail (worn)
Jewellery
 b - a ring of positive energy (left hand)
 m - a ring of poison resistance (right hand)
Wands
 u - a wand of flame (22)
Scrolls
 e - a scroll of blinking {unknown}
 k - 2 scrolls of enchant weapon {unknown}
 o - a scroll of torment {unknown}
 p - a scroll of teleportation {unknown}
 q - 3 scrolls of identify {unknown}
 s - a scroll of magic mapping {unknown}
 v - a scroll of fear {unknown}
 w - 2 scrolls of vulnerability {unknown}
Potions
 f - 2 potions of flight {unknown}
 h - 2 potions of curing
 i - a potion of haste {unknown}
 l - a potion of heal wounds {unknown}
 n - a potion of attraction {unknown}
 r - a potion of degeneration {unknown}
 x - a potion of lignification {unknown}


   Skills:
 + Level 4.4 Fighting
 * Level 4.7 Axes
 + Level 4.0 Armour
 + Level 4.0 Shields


You had 4 spell levels left.
You didn't know any spells.
Your spell library contained the following spells:

 Spells                   Type           Power      Damage    Failure   Level
 Slow                     Hex            0%         N/A       99%         1
 Confusing Touch          Hex            0%         N/A       100%        3
 Conjure Flame            Conj/Fire      0%         6-21      100%        3
 Ignite Poison            Fire/Tmut/Pois 0%         N/A       100%        3
 Vampiric Draining        Necr           0%         2d6       100%        3
 Sticky Flame             Conj/Fire      0%         2d3       100%        4


Dungeon Overview and Level Annotations

Branches:
Dungeon (4/15)
 Temple: D:4-7

Altars:
Fedhas

Shops:
D:3 =

Annotations:
D:4 Edmund


Message History

No target in view!
Edmund the Younger comes into view.
He is wielding a +2 flail of venom.
Found 18 gold pieces.
Edmund shouts!
You hear an angry hiss. x2
An adder comes into view.
The adder hisses angrily.
You see here 6 gold pieces.
There are monsters nearby!
Edmund hits you but does no damage.
You hit Edmund.
Edmund is lightly wounded.
You miss the adder. The adder completely misses you.
Edmund hits you with a +2 flail of venom!
You are poisoned.
The adder bites you but does no damage.
A ball python comes into view.
Edmund hits you with a +2 flail of venom!
You feel very mighty all of a sudden.
You feel very sick.
The ball python hisses angrily.
The adder barely misses you.
Edmund hits you with a +2 flail of venom!
You are lethally poisoned!
You slash Edmund!
Edmund is heavily wounded.
You slash the adder!
You kill the adder!
* * * LOW HITPOINT WARNING * * *
You feel very sick.
Edmund hits you with a +2 flail of venom.
* * * LOW HITPOINT WARNING * * *
You completely miss Edmund.
Edmund is heavily wounded.
* * * LOW HITPOINT WARNING * * *
You feel very sick. Edmund barely misses you.
Unknown command.
It was a potion of curing.
You feel better.
Edmund hits you with a +2 flail of venom!
You die...

##........#... ##
###......#..... ###.
#........#..... .....
##...........##.#
....###...........###.#
......!...........##..
#...................
...##.........#.........
.....S@@.$...#..........
........................
..................##....
........................
...........)............
.............##.........
.............###........
..........$.##..##......
..........#


You could see Edmund and a ball python.

Vanquished Creatures
  An iguana (D:4)
  3 adders
  2 worms (D:3)
  A dart slug (D:3)
  3 orcs
  4 endoplasms (D:1)
  5 giant cockroaches
  5 goblins
  6 hobgoblins
  3 jackals (D:1)
  3 quokkas
  6 ball pythons
  9 bats
  2 frilled lizards
  8 kobolds
  2 rats
63 creatures vanquished.

Notes
Turn   | Place    | Note
-------+----------+-------------------------------------------
     0 | D:1      | sankara the Hill Orc Fighter began the quest for the Orb.
     0 | D:1      | Reached XP level 1. HP: 19/19 MP: 1/1
   127 | D:1      | Reached XP level 2. HP: 21/27 MP: 2/2
   672 | D:1      | Reached XP level 3. HP: 33/33 MP: 3/3
  2225 | D:3      | Reached XP level 4. HP: 33/40 MP: 4/4
  2432 | D:3      | Found a faded altar of an unknown god.
  2779 | D:3      | Found Joweyq's One-of-a-Kind Rings.
  2828 | D:3      | Found a blossoming altar of Fedhas.
  3071 | D:4      | Reached XP level 5. HP: 18/47 MP: 5/5
  3333 | D:4      | Noticed Edmund
  3341 | D:4      | Slain by Edmund

Illustrated notes

Levels and vault maps discovered:
D:1:      amcnicky_arrival_abandoned_market, layout_basic, st_stairs_12,
          minmay_tetromino_t2
D:2:      layout_basic, minivault_27
D:3:      layout_rooms, lemuel_coloured_pillars_altar,
          shapermc_ecumenical_altar_ellora, nicolae_shop_unique_rings,
          skrybe_limestone_x, st_stairs_6, minivault_27,
          wad_floor_pattern_untrapped, serial_park_tiny_1,
          dreamdust_wishing_well, chequers_serial_rivers_small_3,
          serial_park_tiny_pond
D:4:      layout_cave_pools, uniq_edmund

Skill      XL: |  1  2  3  4 |
---------------+-------------+-----
Axes           | 3 4 |  4.7
Fighting       | 4 |  4.4
Armour         | 4 |  4.0
Shields        | 4 |  4.0

Action                   |  1- 3 |  4- 6 || total
-------------------------+-------+-------++-------
Melee: War axe           |   122 |    75 ||   197
  Use: Potion            |       |     2 ||     2
Armor: Scale mail        |    68 |    17 ||    85
       Chain mail        |       |    19 ||    19
Dodge: Dodged            |    61 |    29 ||    90
Block: Buckler           |    40 |    17 ||    57
